 Dungeon Crawl Stone Soup version 0.29-a0-925-g0a7a3d12f8 (webtiles) character file.

Game seed: 8575889521022337033

7140 inmateoo the Skirmisher (level 11, -9/126 HPs)
             Began as a Gnoll Wanderer on July 28, 2022.
             Mangled by a two-headed ogre
             ... wielding a +0 giant club
              (17 damage)
             ... on level 10 of the Dungeon.
             The game lasted 00:13:33 (11844 turns).

inmateoo the Skirmisher (Gnoll Wanderer)           Turns: 11844, Time: 00:13:34

Health: -9/126     AC: 25    Str:  8    XL:     11   Next: 10%
Magic:  0/21       EV:  2    Int: 15    God:
Gold:   872        SH:  0    Dex: 16    Spells: 16/24 levels left

rFire   + . .      SeeInvis .     - Unarmed
rCold   + . .      Faith    .   (no shield)
rNeg    . . .      Spirit   +   (body armour currently unavailable)
rPois   +          Reflect  .   (helmet currently unavailable)
rElec   .          Harm     .   (cloak currently unavailable)
rCorr   .          Rampage  .   (gloves currently unavailable)
Will    .....      NoTele   +   (boots currently unavailable)
Stlth   ++++......              i - amulet of guardian spirit
HPRegen 0.31/turn               o - ring of protection from cold
MPRegen 0.17/turn               u - ring of protection from fire

@: tree-form (expiring), slowed, very slow
A: stationary, stasis, torment immunity, boosted hp, (fangs 1), strong nose,
distributed training
a: no special abilities


You were on level 10 of the Dungeon.
You were a tree.
You visited 2 branches of the dungeon, and saw 11 of its levels.

You collected 1048 gold pieces.
You spent 176 gold pieces at shops.

Inventory:

Hand Weapons
 a - a +2 sling of freezing
 h - a +2 dagger of holy wrath
 m - a +3 trident of freezing
Armour
 b - a +1 ring mail (melded)
 p - a +0 pair of boots (melded)
 s - a +0 cloak (melded)
 z - a +0 helmet (melded)
Jewellery
 i - an amulet of guardian spirit (around neck)
 o - a ring of protection from cold (left branch)
 u - a ring of protection from fire (right branch)
 x - a +6 ring of intelligence
Wands
 c - a wand of paralysis (2)
 B - a wand of digging (2)
Scrolls
 q - a scroll of silence
 r - 2 scrolls of enchant armour
 v - a scroll of teleportation
Potions
 e - 2 potions of resistance
 g - a potion of attraction {unknown}
 j - a potion of cancellation {unknown}
 k - 2 potions of heal wounds
 l - a potion of mutation {unknown}
 n - 2 potions of brilliance
 t - 3 potions of might
 A - a potion of ambrosia {unknown}


   Skills:
 + Level 7.1 Fighting
 + Level 6.5 Short Blades
 + Level 6.5 Long Blades
 + Level 6.5 Axes
 + Level 6.5 Maces & Flails
 + Level 6.5 Polearms
 + Level 6.5 Staves
 + Level 8.0 Ranged Weapons
 + Level 6.5 Throwing
 + Level 7.1 Armour
 + Level 6.5 Dodging
 + Level 7.0 Stealth
 + Level 6.5 Shields
 + Level 6.5 Unarmed Combat
 + Level 7.1 Spellcasting
 + Level 5.4 Conjurations
 + Level 5.4 Hexes
 + Level 5.4 Summonings
 + Level 5.4 Necromancy
 + Level 5.4 Translocations
 + Level 5.4 Transmutations
 + Level 5.4 Fire Magic
 + Level 5.4 Ice Magic
 + Level 7.8 Air Magic
 + Level 5.4 Earth Magic
 + Level 5.4 Poison Magic
 + Level 7.1 Invocations
 + Level 7.1 Evocations


You had 16 spell levels left.
You knew the following spells:

 Your Spells              Type           Power      Damage    Failure   Level
a - Shock                 Conj/Air       100%       1d9       1%          1
b - Swiftness             Air            28%        N/A       1%          3
c - Summon Lightning Spi  Summ/Air       25%        N/A       9%          4

Your spell library contained the following spells:

 Spells                   Type           Power      Damage    Failure   Level
 Necrotise                Necr           84%        1d8       1%          1
 Vampiric Draining        Necr           21%        2d7       4%          3
 Agony                    Necr           21%        N/A       36%         5
 Storm Form               Tmut/Air       12%        N/A       100%        7
 Maxwell's Capacitive Co  Air            14%        ∞         100%        8


Dungeon Overview and Level Annotations

Branches:
Dungeon (10/15)            Temple (1/1) D:6
   Lair: D:8-11         Orc: D:9-12

Altars:
Ashenzari
Cheibriados
Dithmenos
Elyvilon
Fedhas
Hepliaklqana
Kikubaaqudgha
Makhleb
Nemelex Xobeh
Okawaru
Qazlal
Ru
Sif Muna
Trog
Uskayaw
Vehumet
Wu Jian
Yredelemnul
Zin

Shops:
D:7 *


Innate Abilities, Weirdness & Mutations

You are a tree.
Your roots penetrate the ground, keeping you stationary.
You cannot be teleported.
You are immune to unholy pain and torment.
Your maximum health is greatly increased.
Your equipment is partially melded.
((You have very sharp teeth.))
Your uncanny sense of smell can sniff out nearby items.
Your experience applies equally to all skills.


Message History

You punch the nameless horror, but do no damage.
You feel very sick.
The nameless horror hits you but does no damage. x2
You hit the nameless horror.
The nameless horror is moderately damaged.
You feel sick.
The nameless horror hits you but does no damage.
Your magical contamination has completely faded away.
You hit the nameless horror but do no damage.
You punch the nameless horror.
The nameless horror is moderately damaged.
Your transformation is almost over.
You feel sick.
The nameless horror hits you but does no damage.
You smack the kobold brigand!
You punch the kobold brigand.
The kobold brigand is almost dead.
You feel sick. The nameless horror hits you.
* * * LOW HITPOINT WARNING * * *
You feel your power leaking away.
The nameless horror hits you but does no damage.
The kobold brigand hits you but does no damage.
You smack the nameless horror!
The nameless horror is severely damaged.
You feel sick.
The nameless horror hits you but does no damage.
The kobold brigand hits you but does no damage. x2
You smack the nameless horror!
You destroy the nameless horror!
That felt strangely unrewarding.
You feel sick.
The kobold brigand hits you but does no damage.
The kobold brigand hits you with a +0 whip.
* * * LOW HITPOINT WARNING * * *
You hit the two-headed ogre.
The two-headed ogre is severely wounded.
You feel sick.
You are no longer poisoned.
The two-headed ogre hits you with a +0 giant club!
* * * LOW HITPOINT WARNING * * *
The two-headed ogre hits you with a +0 giant spiked club!
You die...

#################.....
....$.......K.KK......
...##...#####O.......
###.##...# #.##.....
.......|# #.# .....
####.##...# #K##.)...
#....<#K..# #OK......
#......#OK..# #.....###
.....#.#♣K..# #K.......
.........).######.###..##
................K........
.#................####..#
..###.#..#.####### .# ##
..###...# .. ... #.###(
...#.. .. #.. ..


You could see a two-headed ogre, 2 kobold brigands and a kobold.

Vanquished Creatures
  A kobold demonologist (D:10)
  Sigmund (D:6)
  A wraith (D:9)
  A wyvern (D:7)
  2 nameless horrors
  7 yaks
  2 steam dragons
  A water moccasin (D:5)
  2 black bears
  A sky beast (D:6)
  2 orc warriors
  4 ice beasts
  3 ogres
  A centaur (D:9)
  A phantom (D:5)
  3 kobold brigands
  9 bullfrogs
  4 scorpions
  2 necrophages (D:6)
  4 wights (D:9)
  A killer bee (D:9)
  8 howler monkeys
  A jelly (D:6)
  A gnoll bouda (D:7)
  11 orc priests
  6 hounds
  13 orc wizards
  Natasha (thrice) (D:3)
  An iguana (D:3)
  8 adders
  3 white imps
  An ufetubus (D:7)
  3 worms (D:2)
  A dart slug (D:3)
  30 orcs
  5 bats
  8 endoplasms
  9 giant cockroaches
  9 goblins
  9 hobgoblins
  7 jackals
  3 quokkas
  6 ball pythons
  A frilled lizard (D:3)
  12 kobolds
  4 rats (D:3)
216 creatures vanquished.

Vanquished Creatures (collateral kills)
  A hornet (D:9)
  A wyvern (D:9)
  An orc warrior (D:9)
  A centaur (D:9)
  A kobold brigand (D:10)
  A bullfrog (D:9)
  2 wights (D:9)
  2 killer bees (D:9)
  2 orcs (D:9)
12 creatures vanquished.

Grand Total: 228 creatures vanquished

Notes
Turn   | Place    | Note
-------+----------+-------------------------------------------
     0 | D:1      | inmateoo the Gnoll Wanderer began the quest for the Orb.
     0 | D:1      | inmateoo set off with the following items: a +2 sling, a +0
                  | ring mail, a scroll of fear; and the following spell
                  | memorised: Shock; and the following spells available to
                  | memorise: Swiftness.
     0 | D:1      | Reached XP level 1. HP: 17/17 MP: 4/4
   233 | D:1      | Reached XP level 2. HP: 23/23 MP: 5/5
   806 | D:2      | Reached XP level 3. HP: 28/28 MP: 7/7
   895 | D:2      | Found a faded altar of an unknown god.
   905 | D:2      | Reached skill level 1 in Invocations
  1084 | D:2      | Reached skill level 1 in Short Blades
  1084 | D:2      | Reached skill level 1 in Long Blades
  1084 | D:2      | Reached skill level 1 in Axes
  1084 | D:2      | Reached skill level 1 in Maces & Flails
  1084 | D:2      | Reached skill level 1 in Polearms
  1084 | D:2      | Reached skill level 1 in Staves
  1084 | D:2      | Reached skill level 1 in Throwing
  1084 | D:2      | Reached skill level 1 in Dodging
  1084 | D:2      | Reached skill level 1 in Shields
  1084 | D:2      | Reached skill level 1 in Unarmed Combat
  1176 | D:2      | Reached XP level 4. HP: 34/34 MP: 8/8
  1362 | D:2      | Reached skill level 5 in Fighting
  1362 | D:2      | Reached skill level 6 in Ranged Weapons
  1362 | D:2      | Reached skill level 5 in Armour
  1362 | D:2      | Reached skill level 5 in Stealth
  1362 | D:2      | Reached skill level 5 in Spellcasting
  1362 | D:2      | Reached skill level 5 in Evocations
  1362 | D:2      | Reached XP level 5. HP: 44/44 MP: 8/12
  1539 | D:3      | Noticed Natasha
  1542 | D:3      | Killed Natasha
  1596 | D:3      | Noticed Natasha
  1600 | D:3      | Killed Natasha
  1635 | D:3      | Noticed Natasha
  1648 | D:3      | Killed Natasha
  1649 | D:3      | Reached XP level 6. HP: 47/51 MP: 13/13
  2862 | D:4      | Reached skill level 5 in Invocations
  2862 | D:4      | Reached XP level 7. HP: 39/56 MP: 11/15
  3440 | D:5      | Entered Level 5 of the Dungeon
  3936 | D:5      | Reached XP level 8. HP: 32/63 MP: 8/16
  4263 | D:5      | Reached skill level 5 in Short Blades
  4263 | D:5      | Reached skill level 5 in Long Blades
  4263 | D:5      | Reached skill level 5 in Axes
  4263 | D:5      | Reached skill level 5 in Maces & Flails
  4263 | D:5      | Reached skill level 5 in Polearms
  4263 | D:5      | Reached skill level 5 in Staves
  4263 | D:5      | Reached skill level 5 in Throwing
  4263 | D:5      | Reached skill level 5 in Dodging
  4263 | D:5      | Reached skill level 5 in Shields
  4263 | D:5      | Reached skill level 5 in Unarmed Combat
  4798 | D:6      | Found a staircase to the Ecumenical Temple.
  4815 | Temple   | Entered the Ecumenical Temple
  4829 | Temple   | Reached skill level 7 in Ranged Weapons
  5107 | Temple   | Reached XP level 9. HP: 46/69 MP: 11/18
  5451 | D:6      | Noticed Sigmund
  5467 | D:6      | Killed Sigmund
  5553 | D:6      | Learned a level 3 spell: Swiftness
  6201 | D:7      | Found Rafuloih's Assorted Antiques.
  6216 | D:7      | Bought a golden potion for 23 gold pieces
  6216 | D:7      | Bought a scratched emerald ring for 130 gold pieces
  6216 | D:7      | Bought a grey potion for 23 gold pieces
  7152 | D:7      | Reached XP level 10. HP: 66/76 MP: 19/19
  8797 | D:8      | Reached skill level 5 in Conjurations
  8797 | D:8      | Reached skill level 5 in Hexes
  8797 | D:8      | Reached skill level 5 in Summonings
  8797 | D:8      | Reached skill level 5 in Necromancy
  8797 | D:8      | Reached skill level 5 in Translocations
  8797 | D:8      | Reached skill level 5 in Transmutations
  8797 | D:8      | Reached skill level 5 in Fire Magic
  8797 | D:8      | Reached skill level 5 in Ice Magic
  8797 | D:8      | Reached skill level 5 in Earth Magic
  8797 | D:8      | Reached skill level 5 in Poison Magic
 10605 | D:9      | Learned a level 4 spell: Summon Lightning Spire
 11086 | D:9      | Reached skill level 8 in Ranged Weapons
 11086 | D:9      | Reached XP level 11. HP: 84/84 MP: 14/21
 11190 | D:9      | Found a sparkling altar of Nemelex Xobeh.
 11197 | D:9      | Found an ancient bone altar of Kikubaaqudgha.
 11793 | D:10     | Entered Level 10 of the Dungeon
 11793 | D:10     | Noticed a two-headed ogre
 11844 | D:10     | Mangled by a two-headed ogre

Illustrated notes

Levels and vault maps discovered:
D:1:      wander_arrival_peaceful_grave, layout_loops_ring,
          minmay_misc_feat_alley
D:2:      layout_basic, hellmonk_ecumenical_altar_lost_god
D:3:      layout_loops_ring, minmay_increasing_density, uniq_natasha
D:4:      layout_loops_ring
D:5:      layout_loops_ring, minivault_24
D:6:      layout_loops_ring, minmay_temple_entry_ruins, kennysheep_crisscross,
          uniq_sigmund
D:7:      layout_cave_pods, serial_shops, nicolae_diamond_shop
D:8:      layout_cave_pools, dreamdust_gnoll_shepherd
D:9:      minmay_polygon_palace, layout_irregular_city,
          nicolae_overflow_hidden_temple, serial_glass, glass_columns_a,
          glass_columns_b, chequers_arboretum
D:10:     nicolae_cairo_tiling, layout_basic, uniq_erolcha
Temple:   nicolae_temple_bog_church

Skill      XL: |  1  2  3  4  5  6  7  8  9 10 11 |
---------------+----------------------------------+-----
Invocations    | 1 4 5 6 7 |  7.1
Short Blades   | 1 4 5 6 |  6.5
Long Blades    | 1 4 5 6 |  6.5
Axes           | 1 4 5 6 |  6.5
Maces & Flails | 1 4 5 6 |  6.5
Polearms       | 1 4 5 6 |  6.5
Staves         | 1 4 5 6 |  6.5
Throwing       | 1 4 5 6 |  6.5
Dodging        | 1 4 5 6 |  6.5
Shields        | 1 4 5 6 |  6.5
Unarmed Combat | 1 4 5 6 |  6.5
Spellcasting   | 5 6 7 |  7.1
Fighting       | 5 6 7 |  7.1
Ranged Weapons | 6 7 8 |  8.0
Armour         | 5 6 7 |  7.1
Stealth        | 5 6 7 |  7.0
Conjurations   | 3 4 5 |  5.4
Hexes          | 3 4 5 |  5.4
Summonings     | 3 4 5 |  5.4
Necromancy     | 3 4 5 |  5.4
Translocations | 3 4 5 |  5.4
Transmutations | 3 4 5 |  5.4
Fire Magic     | 3 4 5 |  5.4
Ice Magic      | 3 4 5 |  5.4
Air Magic      | 6 7 |  7.8
Earth Magic    | 3 4 5 |  5.4
Poison Magic   | 3 4 5 |  5.4
Evocations     | 5 6 7 |  7.1

Action                   |  1- 3 |  4- 6 |  7- 9 | 10-12 || total
-------------------------+-------+-------+-------+-------++-------
Melee: Dagger            |     3 |    42 |    37 |    89 ||   171
       Bite              |       |     4 |     2 |    26 ||    32
       Punch             |       |     3 |       |    11 ||    14
       Trident           |       |       |       |   105 ||   105
       Unarmed           |       |       |       |    11 ||    11
 Fire: Sling             |    95 |   130 |   397 |   191 ||   813
 Cast: Summon Lightning  |       |       |       |    10 ||    10
       Shock             |       |       |       |     4 ||     4
Evoke: Wand              |       |       |       |     2 ||     2
  Use: Scroll            |     2 |     9 |     8 |     4 ||    23
       Potion            |       |     1 |     1 |    11 ||    13
 Stab: Paralysed         |       |       |       |     3 ||     3
       Sleeping          |       |       |       |     2 ||     2
       Distracted        |       |       |       |     1 ||     1
Armor: Ring mail         |    28 |    30 |   121 |   105 ||   284
       Skin              |       |       |       |    20 ||    20
Dodge: Dodged            |    14 |    32 |   165 |   184 ||   395

Table legend: (Time is in decaauts)
 A = Elapsed time spent in this place.
 B = Non-inter-level travel time spent in this place.
 C = Inter-level travel time spent in this place.
 D = Time resting spent in this place.
 E = Time spent auto-exploring this place.
 F = Levels seen in this place.
 G = Mean time per level.
                   A        B        C        D        E       F      G
               +--------+--------+--------+--------+--------+-----+--------+
         Total |  12034 |  11614 |    420 |   4493 |   4870 |  11 | 1094.0 |
       Dungeon |  11630 |  11232 |    398 |   4300 |   4721 |  10 | 1163.0 |
        Temple |    403 |    381 |     22 |    193 |    149 |   1 |  403.0 |
               +--------+--------+--------+--------+--------+-----+--------+

Top non-repeatable levels by time:
     D:9: 2501 daAuts
     D:7: 2468 daAuts
     D:5: 1269 daAuts
     D:3: 1063 daAuts
     D:2: 948 daAuts
     D:8: 933 daAuts
     D:4: 874 daAuts
     D:6: 799 daAuts
     D:1: 715 daAuts
  Temple: 403 daAuts
    D:10: 58 daAuts
